 Dungeon Crawl Stone Soup version 0.27.0-1-g7a089689b8 (webtiles) character file.

Game seed: 10835108258465199384

51 sanka the Changer (level 3, 0/17 HPs)
             Began as a Spriggan Transmuter on Aug 8, 2021.
             Slain by an orc wizard (4 damage)
             ... on level 3 of the Dungeon.
             The game lasted 00:03:18 (2249 turns).

sanka the Changer (Spriggan Transmuter)             Turns: 2249, Time: 00:03:20

Health: 0/17       AC:  2    Str:  6    XL:     3   Next: 57%
Magic:  2/8        EV: 17    Int: 15    God:
Gold:   70         SH:  0    Dex: 15    Spells: 0/8 levels left

rFire    . . .     SeeInvis +     - Unarmed
rCold    . . .     Faith    .   (shield restricted)
rNeg     . . .     Spirit   .   a - +0 robe
rPois    .         Reflect  .   (helmet restricted)
rElec    .         Harm     .   (no cloak)
rCorr    .         Rampage  .   (gloves unavailable)
Will     .....                  (boots unavailable)
Stlth    +.........             (no amulet)
HPRegen  0.05/turn              (no ring)
MPRegen  0.11/turn              (no ring)

@: very slightly contaminated, very quick
A: very small, no large weapons, unfitting armour, see invisible, speed 3
a: no special abilities


You were on level 3 of the Dungeon.
You visited 1 branch of the dungeon, and saw 3 of its levels.

You collected 70 gold pieces.


Innate Abilities, Weirdness & Mutations

You are very small and have problems with some larger weapons.
You are too small for most types of armour.
You have supernaturally acute eyesight. (SInv)
You cover ground extremely quickly. (Speed+++)


   Skills:
 - Level 0.7 Fighting
 - Level 2.6 Dodging
 - Level 2.4 Unarmed Combat
 - Level 3.0 Spellcasting
 + Level 4.8 Transmutations
 - Level 0.1 Air Magic
 + Level 1.0 Poison Magic


You couldn't memorise any spells.
You knew the following spells:

 Your Spells              Type           Power      Damage    Failure   Level
u - Poisonous Vapours     Pois/Air       8%         N/A       24%         2
x - Spider Form           Tmut/Pois      5%         N/A       19%         3
y - Wereblood             Tmut           16%        N/A       4%          2
z - Beastly Appendage     Tmut           32%        N/A       2%          1

Your spell library contained the following spells:

 Spells                   Type           Power      Damage    Failure   Level
 Sting                    Tmut/Pois      44%        1d5       6%          1
 Ice Form                 Ice/Tmut       9%         N/A       58%         4
 Olgreb's Toxic Radiance  Pois           5%         N/A       78%         4

Inventory:

Armour
 a - a +0 robe (worn)
Scrolls
 e - 2 scrolls of amnesia {unknown}
 g - a scroll of torment {unknown}
 h - a scroll of vulnerability {unknown}
Potions
 b - a potion of brilliance {unknown}
 c - 3 potions of flight {unknown}
 d - a potion of curing {unknown}
 f - a potion of cancellation {unknown}

Dungeon Overview and Level Annotations

Branches:
Dungeon (3/15)

Altars:

Shops:
D:1

! ▒▒ .. .. ..
.▒▒. ... ▒▒..
...▒▒ ▒
▒oo▒▒▒.▒▒▒.
▒il.......
▒▒o)......
▒...........
▒.............
...▒▒..........
▒. ...(...▒▒▒.
▒▒▒..▒▒.▒ ▒..▒
.. ...▒ .▒▒


You could see an orc priest, an orc wizard (invisible, very poisoned), an orc
and a frilled lizard.


Message History

Unknown command.
You hit the orc.
You kill the orc!
The frilled lizard misses you.
Your Poison Magic skill increases to level 1!
Unknown command.
You bite the orc!
You kill the orc!
Your transformation has ended.
The orc barely misses you. The frilled lizard closely misses you.
The orc wizard hits you with a +0 dagger.
* * * LOW HITPOINT WARNING * * *
Unknown command.
You hit the orc wizard but do no damage.
The orc wizard is moderately wounded.
The orc completely misses you. The frilled lizard barely misses you.
The orc priest looks braver for a moment.
The orc wizard hits you but does no damage.
Unknown command.
The spell is potentially lethal to cast (19% risk of failure)!
Continue anyway?
You miscast Spider Form.
You are very lightly contaminated with residual magic.
Nothing appears to happen.
The orc shouts!
The orc barely misses you. The frilled lizard misses you.
The orc wizard hits you with a +0 dagger.
You die...

Action                   || total
-------------------------++-------
Melee: Unarmed           ||   113
       Kick              ||    13
       Headbutt          ||     8
       Punch             ||     2
 Cast: Beastly Appendage ||    18
       Wereblood         ||     1
       Spider Form       ||     2
 Stab: Sleeping          ||     3
Armor: Robe              ||    16
       Skin              ||     2
Dodge: Dodged            ||   104

Levels and vault maps discovered:
D:1:      dpeg_arrival_tiny_i, layout_loops_corners, serial_shops,
          nicolae_diamond_shop, hangedman_decor_opposing, minmay_pentomino_u2
D:2:      wad_lake_hut, layout_rooms, minmay_misc_feat_x
D:3:      layout_rooms, shapermc_ecumenical_altar_petra, chequers_garden

Notes
Turn   | Place    | Note
-------+----------+-------------------------------------------
     0 | D:1      | sanka the Spriggan Transmuter began the quest for the Orb.
     0 | D:1      | Reached XP level 1. HP: 9/9 MP: 5/5
   163 | D:1      | Reached skill level 3 in Transmutations
   253 | D:1      | Reached skill level 3 in Spellcasting
   360 | D:1      | Reached XP level 2. HP: 12/14 MP: 5/7
   363 | D:1      | Learned a level 2 spell: Wereblood
   838 | D:1      | Found Valo's Distillery.
   958 | D:1      | Reached skill level 4 in Transmutations
  1291 | D:2      | Learned a level 2 spell: Poisonous Vapours
  1330 | D:2      | Reached XP level 3. HP: 13/17 MP: 8/8
  1882 | D:2      | Learned a level 3 spell: Spider Form
  2247 | D:3      | Reached skill level 1 in Poison Magic
  2249 | D:3      | Slain by an orc wizard

Vanquished Creatures
  A worm (D:2)
  A dart slug (D:2)
  5 orcs (D:3)
  3 endoplasms (D:2)
  3 giant cockroaches (D:1)
  4 goblins (D:1)
  2 hobgoblins
  A jackal (D:1)
  A quokka (D:2)
  4 ball pythons
  5 bats
  2 frilled lizards (D:1)
  A kobold (D:1)
  4 rats
37 creatures vanquished.
